 Dungeon Crawl Stone Soup version 0.21.1-1-g345015f (webtiles) character file.

861 RipGuy the Basher (level 8, -9/72 HPs)
             Began as a Gargoyle Berserker on Apr 30, 2018.
             Was a Priest of Trog.
             Mangled by an orc warrior
             ... wielding a cursed -1 trident
              (13 damage)
             ... on level 6 of the Dungeon.
             The game lasted 00:11:29 (6374 turns).

RipGuy the Basher (Gargoyle Berserker)              Turns: 6374, Time: 00:11:29

Health: -9/72      AC: 10    Str: 29    XL:     8   Next: 2%
Magic:  8/8        EV: 15    Int:  7    God:    Trog [***...]
Gold:   248        SH:  0    Dex:  9    Spells: 7/7 levels left

rFire    . . .     SeeInvis .   a - +0 mace
rCold    . . .     Gourm    +   (no shield)
rNeg     + . .     Faith    .   d - +0 leather armour
rPois    ∞         Spirit   .   (no helmet)
rElec    +         Reflect  .   (no cloak)
rCorr    .         Harm     .   (no gloves)
MR       .....                  g - +0 pair of boots
Stlth    ..........             o - amulet of the gourmand
HPRegen  0.22/turn              h - +3 ring of evasion
MPRegen  0.11/turn              n - ring of stealth

@: berserking, very quick
A: negative energy resistance 1, electricity resistance, unbreathing,
petrification resistance, rot immunity, AC +5
a: Berserk, Trog's Hand, Burn Spellbooks, Renounce Religion


You were on level 6 of the Dungeon.
You worshipped Trog.
Trog was most pleased with you.
You were near starving.

You visited 1 branch of the dungeon, and saw 6 of its levels.

You collected 248 gold pieces.

Inventory:

Hand Weapons
 a - a +0 mace (weapon)
 f - a +0 flail
 A - a +0 scythe
Armour
 b - a +0 animal skin
 d - a +0 leather armour (worn)
 g - a +0 pair of boots (worn)
Jewellery
 h - a +3 ring of evasion (left hand)
 n - a ring of stealth (right hand)
 o - an amulet of the gourmand (around neck)
 q - an uncursed amulet of magic regeneration
 w - a cursed ring of loudness
 y - an uncursed ring of stealth
 C - a +2 ring of strength {unknown}
Wands
 s - a wand of digging (19)
Scrolls
 e - 2 scrolls of remove curse
 i - 2 scrolls of identify
 k - 5 scrolls of enchant armour {unknown}
 l - a scroll of noise {unknown}
 m - a scroll of amnesia {unknown}
 p - a scroll of fear {unknown}
 r - 3 scrolls of teleportation {unknown}
 B - a scroll of immolation {unknown}
Potions
 j - 2 potions of invisibility {unknown}
 t - 2 potions of curing {unknown}
 u - a potion of berserk rage {unknown}
 v - 2 potions of haste {unknown}
 x - 2 potions of lignification {unknown}
 z - a potion of degeneration {unknown}
Comestibles
 c - 5 rations


   Skills:
 - Level 3.6 Fighting
 + Level 9.1 Maces & Flails
 - Level 2.3 Armour
 - Level 1.9 Dodging


You had 7 spell levels left.
You didn't know any spells.

Dungeon Overview and Level Annotations

Branches:
Dungeon (6/15)
 Temple: D:4-7

Altars:
Ashenzari
Hepliaklqana
Kikubaaqudgha
Vehumet

Shops:
D:4 =


Innate Abilities, Weirdness & Mutations

You are resistant to torment.
Your stone body is resilient. (AC +5)
You are immune to poison.
You resist negative energy. (rN+)
You are resistant to electric shocks. (rElec)
You can survive without breathing.
You are immune to petrification.
You are immune to rotting.


Message History

You hit the orc warrior but do no damage.
The orc warrior is lightly wounded.
The orc warrior hits you with an enchanted trident.
* * * LOW HITPOINT WARNING * * *
You sock the orc warrior!
The orc warrior is heavily wounded.
You barely miss the orc warrior.
The orc warrior is heavily wounded.
The orc warrior hits you with an enchanted trident.
* * * LOW HITPOINT WARNING * * *
You sock the orc warrior!
The orc warrior is severely wounded.
You barely miss the orc warrior.
The orc warrior is severely wounded.
The orc warrior hits you with an enchanted trident!
* * * LOW HITPOINT WARNING * * *
You sock the orc warrior!
The orc warrior is almost dead.
The orc warrior hits you with an enchanted trident!
You die...

#...........#...#.#.#....
#...........+..#).#..#...
#####......(.#.#...#...#.#
#...'........##oo{.......)
#.###........##.###.#(..#.
#######.# #........##.#
#..#..#. #.......#
#........##.# #...#.#.
##.###### ####.######.#
#....### #.#...#
#.@oooo..# ###### #
#.#.#.# ########## #.#.#.#
#.#<#.# #.###.# #.# #.#
#.# #.# #.# #.# ##.###.#


You could see an orc warrior, an orc wizard and 2 orcs.

Vanquished Creatures
  Sigmund (D:5)
  2 ogres (D:6)
  A scorpion (D:6)
  A howler monkey (D:5)
  2 crimson imps
  A hound (D:4)
  Natasha (thrice) (D:3)
  An orc wizard (D:3)
  2 worker ants
  4 gnolls (D:5)
  A howler monkey skeleton (D:6)
  6 adders
  3 oozes (D:4)
  2 dart slugs (D:1)
  2 leopard geckos
  6 orcs
  2 giant cockroaches
  4 goblins
  8 hobgoblins
  13 jackals
  2 quokkas
  6 bats (D:1)
  A frilled lizard (D:5)
  8 kobolds
  6 rats
88 creatures vanquished.

Notes
Turn   | Place    | Note
-------+----------+-------------------------------------------
     0 | D:1      | RipGuy the Gargoyle Berserker began the quest for the Orb.
     0 | D:1      | Reached XP level 1. HP: 14/14 MP: 1/1
   360 | D:1      | Reached XP level 2. HP: 18/19 MP: 2/2
   892 | D:1      | Reached XP level 3. HP: 21/24 MP: 3/3
  1312 | D:2      | Found a radiant altar of Vehumet.
  1419 | D:2      | Reached ** piety under Trog
  1422 | D:2      | Reached skill level 4 in Maces & Flails
  1492 | D:2      | Reached XP level 4. HP: 26/29 MP: 4/4
  2656 | D:3      | Reached skill level 5 in Maces & Flails
  2771 | D:3      | Noticed Natasha
  2781 | D:3      | Killed Natasha
  2781 | D:3      | Reached XP level 5. HP: 13/33 MP: 5/5
  2990 | D:3      | HP: 1/33 [something (1)]
  3338 | D:3      | Noticed Natasha
  3345 | D:3      | Killed Natasha
  3455 | D:3      | Noticed Natasha
  3462 | D:3      | Killed Natasha
  3462 | D:3      | Reached skill level 6 in Maces & Flails
  3462 | D:3      | Reached XP level 6. HP: 30/38 MP: 6/6
  3670 | D:4      | Found Ijotio's Jewellery Shoppe.
  3888 | D:4      | Reached *** piety under Trog
  4179 | D:5      | Entered Level 5 of the Dungeon
  4310 | D:5      | Found a shattered altar of Ashenzari.
  4853 | D:5      | Reached skill level 7 in Maces & Flails
  5024 | D:5      | Noticed Sigmund
  5045 | D:5      | Killed Sigmund
  5045 | D:5      | Reached XP level 7. HP: 41/42 MP: 7/7
  5269 | D:5      | Found a hazy altar of Hepliaklqana.
  5537 | D:5      | Reached skill level 8 in Maces & Flails
  5942 | D:6      | Found an ancient bone altar of Kikubaaqudgha.
  6322 | D:6      | Reached skill level 9 in Maces & Flails
  6322 | D:6      | Reached XP level 8. HP: 48/48 MP: 8/8
  6373 | D:6      | HP: 3/72 [orc warrior/enchanted trident (11)]
  6374 | D:6      | Mangled by an orc warrior

Skill      XL: |  1  2  3  4  5  6  7 |
---------------+----------------------+-----
Maces & Flails | 4 5 6 7 9 |  9.1
Fighting       | |  3.6
Armour         | |  2.3
Dodging        | |  1.9

Action                   |  1- 3 |  4- 6 |  7- 9 || total
-------------------------+-------+-------+-------++-------
Melee: Mace              |   118 |   208 |    55 ||   381
Invok: Berserk           |     2 |     3 |     3 ||     8
  Use: Potion            |       |     1 |       ||     1
       Scroll            |       |     6 |       ||     6
  Eat: Ration            |     1 |     3 |     1 ||     5
       Chunk             |       |     5 |     1 ||     6
Armor: Animal skin       |    16 |       |       ||    16
       Leather armour    |    51 |    60 |    14 ||   125
Dodge: Dodged            |   143 |   171 |    52 ||   366
